 Dungeon Crawl Stone Soup version 0.31.0-11-ge490571c62 (webtiles) character file.

Game seed: 13861544783545015404

562 ProzacElf the Cudgeller (level 7, -14/70 HPs)
             Began as an Oni Cinder Acolyte on Jan 31, 2024.
             Was a High Priest of Ignis.
             Killed from afar by Dowan (20 damage)
             ... with a shard of ice
             ... on level 5 of the Dungeon.
             The game lasted 00:08:46 (4484 turns).

ProzacElf the Cudgeller (Oni Cinder Acolyte)        Turns: 4484, Time: 00:08:47

Health: -14/70     AC:  3    Str: 25    XL:     7   Next: 31%
Magic:  8/8        EV:  9    Int: 15    God:    Ignis [*****.]
Gold:   152        SH:  0    Dex:  6    Spells: 8/8 levels left

rFire   + . .        b - +0 quarterstaff
rCold   . . .        (shield currently unavailable)
rNeg    . . .        g - +0 robe
rPois   .            D - +0 hat
rElec   .            (no cloak)
rCorr   .            (gloves unavailable)
SInv    .            (boots unavailable)
Will    .....        (no amulet)
Stlth   +            h - +6 ring of strength
HPRegen 0.31/turn    (no ring)
MPRegen 0.11/turn

%: no passive effects
@: no status effects
A: large, unfitting armour, horns 1, tough skin 1, double potion healing,
drunken brawling
a: Renounce Religion, Fiery Armour, Foxfire Swarm, Rising Flame


You were on level 5 of the Dungeon.
You worshipped Ignis.
Ignis was extremely pleased with you.
You visited 2 branches of the dungeon, and saw 6 of its levels.

You collected 152 gold pieces.

Inventory:

Hand Weapons
 a - a -1 mace of flaming
 b - a +0 quarterstaff (weapon)
 u - a +0 mace
Armour
 g - a +0 robe (worn)
 D - a +0 hat (worn)
Jewellery
 h - a +6 ring of strength (left hand)
 A - a ring of poison resistance
Wands
 B - a wand of iceblast (7)
Scrolls
 d - 2 scrolls of poison {unknown}
 i - 3 scrolls of identify {unknown}
 j - a scroll of immolation
 l - a scroll of revelation
 n - a scroll of butterflies {unknown}
 p - a scroll of blinking {unknown}
 q - a scroll of teleportation
 r - a scroll of fog
 t - a scroll of enchant armour {unknown}
 x - a scroll of acquirement {unknown}
 y - a scroll of vulnerability {unknown}
Potions
 c - a potion of curing
 e - a potion of lignification
 k - a potion of berserk rage {unknown}
 m - a potion of attraction {unknown}
 o - a potion of heal wounds {unknown}
 s - a potion of resistance {unknown}
 v - 2 potions of ambrosia {unknown}
 w - a potion of haste {unknown}
 z - a potion of might {unknown}
 C - a potion of cancellation {unknown}


   Skills:
 - Level 4.0 Fighting
 + Level 6.2 Maces & Flails
 + Level 2.0 Dodging
 - Level 1.2 Spellcasting
 - Level 5.0 Fire Magic


You had 8 spell levels left.
You didn't know any spells.
Your spell library contained the following spells:

 Spells                   Type           Power      Damage    Failure   Level
 Scorch                   Fire           30%        2d6       4%          2
 Cigotuvi's Dreadful Rot  Necr/Alch/Air  0%         N/A       36%         2
 Ignite Poison            Fire/Alch      8%         N/A       65%         4
 Alistair's Intoxication  Alch           0%         N/A       100%        5
 Borgnjor's Vile Clutch   Necr/Erth      0%         N/A       100%        5
 Freezing Cloud           Conj/Ice/Air   0%         6-21      100%        5
 Eringya's Noxious Bog    Alch           0%         4d6       100%        6


Dungeon Overview and Level Annotations

Branches:
Dungeon (5/15)             Temple (1/1) D:4

Altars:
Ashenzari
Cheibriados
Dithmenos
Elyvilon
Kikubaaqudgha
Makhleb
Nemelex Xobeh
Okawaru
Qazlal
Ru
Sif Muna
Trog
Uskayaw
Vehumet
Wu Jian
Zin
The Shining One

Shops:
D:1 ((

Annotations:
D:1 dig for shop
D:5 Dowan


Innate Abilities, Weirdness & Mutations

You are too large for most types of armour.
You have a pair of small horns on your head.
You have tough skin. (AC +1)
You gain doubled healing and magic from potions.
Whenever you drink a healing potion, you attack all around you.


Message History

Dowan closely misses ye.
Ye hit Dowan but do nay damage.
Dowan be severely wounded.
Dowan gestures wildly while chantin'.
Dowan blinks!
Ye completely miss Dowan.
Dowan be heavily wounded.
Dowan hits ye wit' a +0 dagger.
Dowan casts a spell.
Dowan blinks!
Ye take 3 damage, an' haf 29/70 hp.
Ye closely miss Dowan.
Yer headbutt misses Dowan.
Dowan be heavily wounded.
Dowan casts a spell.
Dowan blinks!
Ye start restin'.
Dowan be nearby!
Ye barely miss Dowan.
Yer headbutt misses Dowan.
Dowan be heavily wounded.
Dowan casts a spell at ye.
Tha shard o' ice hits ye!!
* * * LOW HITPOINT WARNIN'
* * * Dowan hits ye wit' a +0 dagger.
* * * LOW HITPOINT WARNIN'
* * * Ye take 20 damage, an' haf 11/70 hp.
MASSIVE DAMAGE!!
Throw: throwin' net
Press: ? - help, Q - select action, (/) - cycle Shift-Dir - straight line, f - Dowan
Aim: Dowan, wieldin' a +0 dagger an' wearin' a +2 robe (heavily wounded, fast, 35% ta hit) Ye throw a throwin' net.
Tha throwin' net closely misses Dowan.
Dowan hits ye wit' a +0 dagger.
* * * LOW HITPOINT WARNIN'
* * * Ye take 3 damage, an' haf 8/70 hp.
Okay, than.
Ye sock Dowan!
Yer headbutt misses Dowan.
Dowan be almost dead.
Dowan hits ye wit' a +0 dagger.
* * * LOW HITPOINT WARNIN'
* * * Dowan casts a spell at ye.
Tha shard o' ice hits ye!!
Ye die...

..
#...#...#...#...#..........#
..
#...#####...#...#..........#
..
#...#...#...#...#..........#
#.
##.#..e..#.###.#...##'######
##
..###...###...#######.....##
....
#.###.#.....#...##......#
.#...#..
#...#...#........gg.<#
#####..
#...#####...e........# #..
#...#..@#............# .#.
##.#)...e######......# .###
..###...## #......# # ....
#.###.# ........# ..#...#..
..# .........# . #####.. ..#
e##......# #.. ..# .#. .#.
.###


You could see Dowan (fast).

Vanquished Creatures
  Duvessa (D:5)
  A centaur (D:5)
  A phantom (D:3)
  A howler monkey (D:5)
  A jelly (D:5)
  A hound (D:5)
  An orc priest (D:2)
  An iguana (D:2)
  2 gnolls (D:5)
  2 adders
  A white imp (D:5)
  2 ribbon worms
  9 orcs
  4 ball pythons
  4 bats
  7 endoplasms
  3 giant cockroaches
  5 goblins
  2 hobgoblins (D:1)
  17 jackals
  5 quokkas
  5 frilled lizards
  7 kobolds
  4 rats
87 creatures vanquished.

Notes
Turn   | Place    | Note
-------+----------+-------------------------------------------
     0 | D:1      | ProzacElf the Oni Cinder Acolyte began the quest for the
                  | Orb.
     0 | D:1      | Reached XP level 1. HP: 24/24 MP: 2/2
    96 | D:1      | Found Ikkacz Mimuq's Antique Weapon Emporium.
   206 | D:1      | Reached XP level 2. HP: 24/32 MP: 3/3
   828 | D:1      | Found Ocu Gedecud's Antique Weapon Shop.
   915 | D:2      | Reached XP level 3. HP: 39/39 MP: 4/4
  1383 | D:2      | Reached XP level 4. HP: 48/48 MP: 5/5
  1417 | D:2      | Reached skill level 4 in Maces & Flails
  1753 | D:2      | Reached XP level 5. HP: 19/54 MP: 6/6
  1877 | D:3      | Noticed a phantom
  2156 | D:3      | Killed a phantom
  2157 | D:3      | Reached skill level 5 in Maces & Flails
  2401 | D:3      | Reached XP level 6. HP: 62/62 MP: 7/7
  2618 | D:4      | Found a staircase to the Ecumenical Temple.
  2639 | Temple   | Entered the Ecumenical Temple
  3204 | D:5      | Entered Level 5 of the Dungeon
  3454 | D:4      | Found a staircase to the Ecumenical Temple.
  3867 | D:5      | Noticed Duvessa
  3876 | D:5      | Noticed Dowan
  3893 | D:5      | Killed Duvessa
  3894 | D:5      | Reached skill level 5 in Fire Magic
  4119 | D:5      | Reached skill level 1 in Dodging
  4119 | D:5      | Reached XP level 7. HP: 18/70 MP: 8/8
  4302 | D:5      | Reached skill level 6 in Maces & Flails
  4484 | D:5      | Killed from afar by Dowan

Illustrated notes

Levels and vault maps discovered:
D:1:      dpeg_arrival_shelter, layout_loops_ring, serial_shops,
          nicolae_shop_tiny_statue_garden, nicolae_shop_statue_plus,
          minivault_19
D:2:      layout_loops_ring, kennysheep_another_room
D:3:      layout_rooms, minmay_cupped
D:4:      layout_loops_ring, minmay_temple_entry_glass
D:5:      nicolae_cairo_tiling, layout_gridville,
          mainiacjoe_overflow_surrounded_room, uniq_ijyb, uniq_duvessa
Temple:   minmay_crystal_spiral_temple

Skill      XL: |  1  2  3  4  5  6  7 |
---------------+----------------------+-----
Fire Magic     | 3 4 5 |  5.0
Maces & Flails | 4 5 6 |  6.2
Dodging        | 1 2 |  2.0
Fighting       | |  4.0
Spellcasting   | |  1.2

Action                     |  1- 3 |  4- 6 |  7- 9 || total
---------------------------+-------+-------+-------++-------
  Melee: Mace              |   100 |    75 |       ||   175
         Headbutt          |     7 |    19 |     5 ||    31
         Quarterstaff      |       |    84 |    25 ||   109
  Throw: Throwing net      |       |       |     1 ||     1
    Use: Scroll            |       |     6 |       ||     6
         Potion            |       |     2 |       ||     2
 Armour: Robe              |    68 |   112 |    25 ||   205
         Skin              |       |     8 |       ||     8
  Dodge: Dodged            |    60 |    67 |    21 ||   148

Action                     |  1- 3 |  4- 6 |  7- 9 || total
---------------------------+-------+-------+-------++-------
  Melee: Mace              |   100 |    75 |       ||   175
         Headbutt          |     7 |    19 |     5 ||    31
         Quarterstaff      |       |    84 |    25 ||   109
  Throw: Throwing net      |       |       |     1 ||     1
    Use: Scroll            |       |     6 |       ||     6
         Potion            |       |     2 |       ||     2
 Armour: Robe              |    68 |   112 |    25 ||   205
         Skin              |       |     8 |       ||     8
  Dodge: Dodged            |    60 |    67 |    21 ||   148

Levels and vault maps discovered:
D:1:      dpeg_arrival_shelter, layout_loops_ring, serial_shops,
          nicolae_shop_tiny_statue_garden, nicolae_shop_statue_plus,
          minivault_19
D:2:      layout_loops_ring, kennysheep_another_room
D:3:      layout_rooms, minmay_cupped
D:4:      layout_loops_ring, minmay_temple_entry_glass
D:5:      nicolae_cairo_tiling, layout_gridville,
          mainiacjoe_overflow_surrounded_room, uniq_ijyb, uniq_duvessa
Temple:   minmay_crystal_spiral_temple
